 Dungeon Crawl Stone Soup version 0.30-a0-613-gdd512c7efb (webtiles) character file.

Game seed: 7343377316924165628

432 bmack86 the Trooper (level 6, -7/57 HPs)
             Began as a Minotaur Fighter on Jan 8, 2023.
             Mangled by a gnoll
             ... wielding a +1 whip of electrocution
              (19 damage)
             ... on level 3 of the Dungeon.
             The game lasted 00:05:34 (1838 turns).

bmack86 the Trooper (Minotaur Fighter)              Turns: 1838, Time: 00:05:35

Health: -7/57      AC:  7    Str: 22    XL:     6   Next: 67%
Magic:  5/5        EV:  9    Int:  5    God:
Gold:   163        SH:  4    Dex: 10    Spells: 5/5 levels left

rFire   . . .      SeeInvis .    a - +0 war axe
rCold   . . .      Faith    .    c - +0 buckler
rNeg    . . .      Spirit   .    b - +0 scale mail
rPois   .          Reflect  .    (helmet restricted)
rElec   .          Harm     .    (no cloak)
rCorr   .          Rampage  .    (no gloves)
Will    .....                    (no boots) Stlth
                                 l - amulet of the acrobat
HPRegen 0.29/turn                (no ring)
MPRegen 0.09/turn                (no ring)

@: no status effects
A: horns 2, retaliatory headbutt
a: no special abilities


You were on level 3 of the Dungeon.
You visited 1 branch of the dungeon, and saw 3 of its levels.

You collected 163 gold pieces.

Inventory:

Hand Weapons
 a - a +0 war axe (weapon)
Missiles
 d - 10 poisoned darts
 e - 5 javelins (quivered)
 g - 2 throwing nets
Armour
 b - a +0 scale mail (worn)
 c - a +0 buckler (worn)
Jewellery
 l - an amulet of the acrobat (around neck)
Scrolls
 o - a scroll of identify
Potions
 f - 2 potions of mutation
 h - a potion of berserk rage {unknown}
 i - a potion of cancellation {unknown}
 j - a potion of attraction {unknown}
 k - 2 potions of might
 m - 2 potions of curing
 n - a potion of ambrosia {unknown}


   Skills:
 * Level 5.7 Fighting
 * Level 5.1 Axes
 + Level 2.2 Throwing
 + Level 4.7 Armour
 + Level 4.8 Shields


You had 5 spell levels left.
You didn't know any spells.
Your spell library was empty.

Dungeon Overview and Level Annotations

Branches:
Dungeon (3/15)

Altars:

Portals:
Sewer: D:3

Annotations:
D:3 Ijyb


Innate Abilities, Weirdness & Mutations

You have a pair of horns on your head.
You reflexively headbutt those who attack you in melee.


Message History

The bolt of acid hits you!! The river rat bites you!
A gnoll comes into view. It is wielding a +0 whip.
The worm misses you.
The gnoll shouts!
You slash the river rat!
The river rat is heavily wounded.
You hit the rat. You barely miss the worm. The rat barely misses you.
You furiously retaliate!
You headbutt the rat!
You kill the rat!
You block the river rat's attack.
You hit the river rat but do no damage.
The river rat is heavily wounded.
You slash the worm!
The river rat bites you but does no damage.
A gnoll comes into view. It is wielding a +0 spear.
You block the worm's attack.
You closely miss the river rat.
The gnoll shouts!
Your headbutt misses the river rat.
The river rat is heavily wounded.
You barely miss the worm. You barely miss the rat.
The river rat bites you but does no damage.
The rat bites you but does no damage. The worm bites you but does no damage.
The river rat bites you.
You closely miss the river rat. You headbutt the river rat.
The river rat is almost dead.
You hit the worm. You barely miss Ijyb. You closely miss the rat.
The rat splashes around in the water.
You block the river rat's attack.
A gnoll comes into view. It is wielding a +0 spear.
The rat barely misses you. The worm bites you.
Ijyb zaps a wand.
The bolt of acid misses you.
You barely miss the river rat.
The river rat is severely wounded.
The gnoll shouts!
You hit the worm but do no damage. You slash Ijyb! You closely miss the rat.
You hit the gnoll.
The gnoll hits you with a +1 whip of electrocution!
* * * LOW HITPOINT WARNING * * *
You are electrocuted!!
You die...

#...[...... #..........
######..........
........~~~....
#...#.(~~~~~.g.
#......~~∩~g..#
#...#..rg~~~..# ##.#.#
##.##.w@r~~...# .#.#.
#.......g.g....
#.....###..##..........
...#.....†#########...
.....####.# ## #.#.#
#...# #.#.# #.### #...#
#.# #.# #..##
#.##########.#


You could see Ijyb, a worm, 4 gnolls, a river rat and a rat.

Vanquished Creatures
  Sigmund (D:2)
  3 jellies (D:3)
  Jessica (D:2)
  An iguana (D:3)
  Robin (D:2)
  An adder (D:3)
  3 worms
  A dart slug (D:2)
  18 endoplasms
  2 giant cockroaches
  12 goblins
  12 hobgoblins
  6 jackals
  9 kobolds
  6 quokkas
  6 ball pythons
  2 bats
  4 frilled lizards
  9 rats
  A toadstool (D:3)
99 creatures vanquished.

Vanquished Creatures (others)
  5 fungi (D:3)
  8 toadstools (D:3)
13 creatures vanquished.

Grand Total: 112 creatures vanquished

Notes
Turn   | Place    | Note
-------+----------+-------------------------------------------
     0 | D:1      | bmack86 the Minotaur Fighter began the quest for the Orb.
     0 | D:1      | Reached XP level 1. HP: 19/19 MP: 0/0
   140 | D:1      | Reached XP level 2. HP: 27/27 MP: 1/1
   562 | D:1      | Reached XP level 3. HP: 27/33 MP: 2/2
   694 | D:2      | Noticed Robin
   703 | D:2      | Killed Robin
   719 | D:2      | Noticed Sigmund
   734 | D:2      | Reached XP level 4. HP: 14/41 MP: 3/3
   884 | D:2      | Killed Sigmund
   885 | D:2      | Reached skill level 5 in Fighting
   885 | D:2      | Reached skill level 1 in Throwing
   885 | D:2      | Reached XP level 5. HP: 13/48 MP: 4/4
  1055 | D:2      | Noticed Jessica
  1062 | D:2      | Killed Jessica
  1170 | D:2      | Reached XP level 6. HP: 56/56 MP: 5/5
  1559 | D:3      | Reached skill level 5 in Axes
  1826 | D:3      | Found a glowing drain.
  1830 | D:3      | Noticed Ijyb
  1838 | D:3      | Mangled by a gnoll

Illustrated notes

Levels and vault maps discovered:
D:1:      saegor_arrival_simple_c, layout_basic
D:2:      layout_rooms, uniq_sigmund, uniq_jessica, uniq_robin
D:3:      cheibrodos_fertilizer, layout_loops_ring, portal_sewer_entry_a,
          uniq_ijyb

Skill      XL: |  1  2  3  4  5  6 |
---------------+-------------------+-----
Axes           | 3 4 5 |  5.1
Fighting       | 4 5 |  5.7
Armour         | 4 |  4.7
Shields        | 4 |  4.8
Throwing       | 1 2 |  2.2

Action                   |  1- 3 |  4- 6 || total
-------------------------+-------+-------++-------
Melee: War axe           |    70 |    94 ||   164
       Headbutt          |     2 |    11 ||    13
Throw: Javelin           |     1 |       ||     1
  Use: Scroll            |     1 |     2 ||     3
       Potion            |     1 |       ||     1
Armor: Scale mail        |    34 |    31 ||    65
Dodge: Dodged            |    35 |    49 ||    84
Block: Buckler           |    22 |    25 ||    47

Table legend: (Time is in decaauts)
 A = Elapsed time spent in this place.
 B = Non-inter-level travel time spent in this place.
 C = Inter-level travel time spent in this place.
 D = Time resting spent in this place.
 E = Time spent auto-exploring this place.
 F = Levels seen in this place.
 G = Mean time per level.
                   A        B        C        D        E       F      G
               +--------+--------+--------+--------+--------+-----+--------+
         Total |   1895 |   1842 |     53 |    251 |    802 |   3 |  631.7 |
       Dungeon |   1895 |   1842 |     53 |    251 |    802 |   3 |  631.7 |
               +--------+--------+--------+--------+--------+-----+--------+

Top non-repeatable levels by time:
     D:1: 815 daAuts
     D:2: 582 daAuts
     D:3: 498 daAuts
